 Dungeon Crawl Stone Soup version 0.20.0-6-gd3061e9 (webtiles) character file.

173461 Gorglomux the Executioner (level 17, -5/173 HPs)
             Began as a Minotaur Berserker on May 28, 2017.
             Was a High Priest of Trog.
             Blown up by an orb spider (44 damage)
             ... with an orb of destruction
             ... on level 2 of the Spider Nest.
             The game lasted 00:32:46 (27353 turns).

Gorglomux the Executioner (Minotaur Berserker)     Turns: 27353, Time: 00:32:49

Health: -5/173     AC: 23    Str: 25    XL:     17   Next: 18%
Magic:  5/5        EV: 21    Int:  4    God:    Trog [*****.]
Gold:   1641       SH:  0    Dex: 14    Spells: 16/16 levels left

rFire    + . .     SeeInvis .   b - +3 executioner's axe (antimagic) {god gift}
rCold    . . .     Gourm    .   (shield currently unavailable)
rNeg     . . .     Faith    .   V - +0 swamp dragon scales
rPois    +         Spirit   .   (helmet restricted)
rElec    .         Reflect  .   l - +2 cloak
rCorr    +         Harm     .   B - +2 pair of gloves
MR       +++..                  K - +2 pair of boots
Stlth    +.........             t - amulet of Vitality {Regen+ HP+15}
Regen    1.8/turn               g - ring of resist corrosion
MPRegen  0.1/turn               f - ring of protection from fire

@: lethally poisoned (-5 -> -6), berserk cooldown, regenerating, slowed, very
slow
A: retaliatory headbutt, horns 2
}: 1/15 runes: decaying
a: Berserk, Trog's Hand, Brothers in Arms, Burn Spellbooks, Renounce Religion


You were on level 2 of the Spider Nest.
You worshipped Trog.
Trog was extremely pleased with you.
You were near starving.

You visited 5 branches of the dungeon, and saw 29 of its levels.
You also visited: Ice Cave.

You collected 2779 gold pieces.
You spent 1138 gold pieces at shops.

Inventory:

Hand Weapons
 a - a +2 battleaxe of flaming
 b - a +3 antimagic executioner's axe (weapon) {god gift}
Missiles
 Z - 2 throwing nets (quivered)
Armour
 k - the +8 orange crystal plate armour {Archmagi, Int+3 Clar}
   (You found it on level 4 of the Lair of Beasts)

   It affects your intelligence (+3).
   It protects you against confusion.
 l - a +2 cloak (worn)
 B - a +2 pair of gloves (worn)
 K - a +2 pair of boots (worn)
 V - +0 swamp dragon scales (worn)
Jewellery
 f - a ring of protection from fire (right hand)
 g - a ring of resist corrosion (left hand)
 m - an uncursed ring of protection from magic
 t - the amulet of Vitality (around neck) {Regen+ HP+15}
   (You bought it in a shop on level 2 of the Orcish Mines)

   [amulet of regeneration]

   It affects your health (+15).
   It increases your rate of regeneration.
 W - an uncursed amulet of regeneration {unknown}
Wands
 w - a wand of digging (12/24)
 A - a wand of acid (10/15)
 D - a wand of digging (16/24)
 I - a wand of iceblast (5/15)
 L - a wand of lightning (4/15)
Scrolls
 d - 3 scrolls of fear
 j - 2 scrolls of torment
 n - 13 scrolls of remove curse
 o - a scroll of brand weapon
 u - a scroll of vulnerability
 v - 2 scrolls of fog
 x - a scroll of enchant weapon
 M - 5 scrolls of magic mapping
 S - 2 scrolls of blinking {unknown}
 T - 12 scrolls of teleportation
 U - 3 scrolls of recharging
 X - a scroll of immolation {unknown}
Potions
 e - 2 potions of might
 i - a potion of resistance
 p - 7 potions of lignification
 q - 5 potions of agility
 r - 5 potions of heal wounds
 s - 2 potions of ambrosia
 y - 4 potions of mutation {!q}
 G - a potion of invisibility
 H - 2 potions of magic
 J - 8 potions of flight
 O - 2 potions of cancellation
 P - 5 potions of haste
 Q - 11 potions of curing
Books
 E - a book of Maledictions

   Spells                             Type                      Level
   a - Corona                         Hexes                        1
   b - Ensorcelled Hibernation        Hexes/Ice                    2
   c - Confuse                        Hexes                        3
   d - Tukima's Dance                 Hexes                        3
   e - Dazzling Spray                 Conjuration/Hexes            3
   Trog disapproves of the use of such an item.
Miscellaneous
 Y - a lamp of fire
Comestibles
 c - 8 bread rations
 z - 13 meat rations
 C - 37 fruits
 F - 30 royal jellies


   Skills:
 - Level 15.8 Fighting
 + Level 23.1 Axes
 - Level 15.5 Armour
 - Level 14.7 Dodging
 - Level 0.3 Evocations


You had 16 spell levels left.
You didn't know any spells.

Dungeon Overview and Level Annotations

Branches:
Dungeon (15/15)            Temple (0/1) D:6            Lair (6/6) D:9
  Swamp (4/4) Lair:2       Spider (2/4) Lair:2        Slime (0/5) Lair:5
    Orc (2/2) D:9             Elf (0/3) Orc:2        Vaults (0/5) D:13
 Depths (0/5) D:15

Altars:
Fedhas
Gozag
Kikubaaqudgha
Makhleb
Okawaru
Ru
Sif Muna
Uskayaw
Vehumet
Yredelemnul
The Shining One
Beogh
Jiyva

Shops:
D:7 *   D:9 :   D:15 }   Orc:2 *[=(

Annotations:
Lair:3 exclusion: 4 oklob plants


Innate Abilities, Weirdness & Mutations

You reflexively headbutt those who attack you in melee.
You have a pair of horns on your head.


Message History

You slash the redback!
The redback is severely wounded.
You closely miss the redback. You slash the redback!
You feel sick. The redback closely misses you.
The redback completely misses you. You furiously retaliate!
You headbutt the redback! The redback misses you. You furiously retaliate!
You headbutt the redback!
You kill the redback!
Trog accepts your kill. The redback bites you.
* * * LOW HITPOINT WARNING * * *
The redback completely misses you.
The orb spider weaves a glowing orb of energy.
An orb of destruction comes into view.
You feel sick. The redback bites you.
* * * LOW HITPOINT WARNING * * *
The redback misses you. You furiously retaliate!
You headbutt the redback!
You kill the redback!
Trog accepts your kill. The orb of destruction hits you!
You die...

. ..#..## .
##..#...# #.
###≈#....#
#..#.#.#....#
#..#...#...##
#......#....#
#.......^####
#.#......#@s#
#./..s.#§.#
#≈###|†#.§# .
#≈...s.#.s#....
#≈#≈...†.......#
.#.#####.....#..#
#.. #..###≈# # .
.... #.> ..####
...


You could see an orb spider and a redback.

Vanquished Creatures
  Arachne (Spider:2)
  Rupert (D:13)
  Agnes (D:15)
  A thorn hunter (Swamp:3)
  An orc warlord (Orc:2)
  Louise (Swamp:1)
  The ghost of salade2fruit the Thaumaturge, a journeyman OpEE of Vehumet (Lair:6)
  A very ugly thing (Swamp:3)
  Nessos (D:13)
  3 entropy weavers
  4 fire dragons
  Erolcha (Orc:2)
  9 hydras
  An ice dragon (Lair:6)
  2 ghost crabs (Swamp:4)
  An ogre mage (D:15)
  A tengu warrior (D:15)
  11 alligators
  A queen ant (Lair:6)
  5 death yaks (Lair:6)
  10 two-headed ogres
  2 orc high priests (Orc:2)
  Urug (Lair:5)
  4 spriggans
  A fire crab (D:14)
  Nergalle (Lair:2)
  3 skeletal warriors (D:15)
  2 unseen horrors
  4 swamp dragons
  A spriggan druid (Swamp:3)
  6 orc knights
  3 spectral hydras (Swamp:4)
  A wizard (D:12)
  2 lindwurms (Lair:6)
  4 shambling mangroves
  3 wolf spiders
  A harpy (shapeshifter) (D:13)
  A phantasmal warrior (Swamp:4)
  2 orb spiders (Spider:1)
  3 orc sorcerers (Orc:2)
  4 deep elf magi
  3 cyclopes
  6 manticores
  2 black mambas
  6 elephants (Lair:6)
  9 ugly things
  Psyche (D:10)
  The ghost of NoNouf the Basher, a novice GrFi (D:8)
  5 torpor snails (Lair:6)
  3 kobold demonologists
  15 spiny frogs
  A gargoyle (D:12)
  4 rime drakes
  A yaktaur (D:15)
  6 swamp worm zombies (Swamp:4)
  4 demonic crawlers
  9 komodo dragons
  An efreet (D:12)
  A freezing wraith (D:14)
  6 trolls
  A redback zombie (D:13)
  3 meliai (D:15)
  3 jumping spiders (Spider:1)
  3 polar bears
  10 tyrant leeches
  A hydra zombie (Swamp:4)
  A queen bee (D:9)
  23 hornets
  17 slime creatures
  13 blink frogs
  6 bog bodies
  11 hippogriffs
  2 spectral swamp dragons (Swamp:4)
  7 tarantellas
  13 redbacks
  A vampire (D:12)
  2 shadows
  3 wraiths
  40 yaks
  A wyvern (Lair:3)
  2 water elementals (D:14)
  16 humans (D:13)
  5 basilisks
  4 hungry ghosts
  2 steam dragons (Lair:6)
  20 vampire mosquitoes
  12 insubstantial wisps
  14 swamp worms
  Edmund (D:6)
  22 soldier ants
  3 acid dragons
  11 water moccasins
  6 porcupines
  6 swamp drakes
  47 orc warriors
  An eye of draining (D:14)
  An ice beast (D:8)
  5 black bears
  A necrophage (D:13)
  6 phantoms
  12 wolves
  4 swamp dragon zombies (Swamp:4)
  14 crocodiles
  9 centaurs
  11 ogres
  10 big kobolds
  Blork the orc (D:4)
  20 bullfrogs
  4 gnoll sergeants (D:9)
  A water moccasin zombie (D:7)
  2 wyvern zombies
  2 scorpions
  A water moccasin skeleton (D:9)
  43 killer bees
  18 wights
  5 electric eels
  A howler monkey (D:8)
  6 crimson imps
  7 centaur zombies
  2 bullfrog zombies
  A quasit (D:8)
  4 jellies
  5 hounds
  3 centaur skeletons
  19 orc priests
  27 orc wizards
  7 iguanas
  A spectral swamp drake (Swamp:4)
  23 worker ants
  2 killer bee zombies
  2 hound skeletons
  A worker ant zombie (D:5)
  Robin (D:4)
  2 gnolls (D:9)
  A swamp drake zombie (Swamp:4)
  13 adders
  7 shadow imps
  12 white imps (Lair:1)
  2 oozes (D:1)
  4 worms
  A dart slug (D:4)
  8 leopard geckos
  104 orcs
  7 ball pythons
  4 bats
  3 giant cockroaches
  11 goblins
  8 hobgoblins
  20 jackals
  32 kobolds
  3 quokkas
  6 frilled lizards
  2 jackal skeletons (D:4)
  A leopard gecko skeleton (D:4)
  A quokka zombie (D:6)
  7 rats
  A butterfly (Lair:5)
  7 fungi
  3 plants (Lair:6)
1076 creatures vanquished.

Vanquished Creatures (collateral kills)
  A bone dragon (Swamp:4)
  2 hydras
  A spectral hydra (Swamp:4)
  An elephant (Lair:6)
  A hydra zombie (Swamp:4)
  3 soldier ants
  2 crocodiles
  A worker ant (Lair:6)
12 creatures vanquished.

Vanquished Creatures (others)
  An alligator (Swamp:4)
  An unseen horror (D:12)
  A spiny frog (Swamp:4)
  2 bog bodies (Swamp:4)
  A slime creature (Swamp:4)
  A wyvern skeleton (D:12)
  A worker ant (Lair:6)
  6 fungi
  31 plants
45 creatures vanquished.

Grand Total: 1133 creatures vanquished

Notes
Turn   | Place    | Note
-------+----------+-------------------------------------------
     0 | D:1      | Gorglomux the Minotaur Berserker began the quest for the Orb.
     0 | D:1      | Reached XP level 1. HP: 19/19 MP: 0/0
   104 | D:1      | Reached XP level 2. HP: 27/27 MP: 1/1
   430 | D:1      | Reached skill level 3 in Armour
   462 | D:1      | Reached skill level 4 in Axes
   682 | D:1      | Reached XP level 3. HP: 31/33 MP: 2/2
  1024 | D:2      | Reached ** piety under Trog
  1061 | D:2      | Reached XP level 4. HP: 40/40 MP: 3/3
  1107 | D:2      | Reached skill level 3 in Dodging
  1869 | D:3      | Found a sacrificial altar of Ru.
  1898 | D:3      | Reached XP level 5. HP: 34/47 MP: 4/4
  1923 | D:3      | Found a hide-covered altar of Uskayaw.
  1933 | D:3      | Found an ancient bone altar of Kikubaaqudgha.
  1939 | D:3      | Found an opulent altar of Gozag.
  2444 | D:4      | Reached *** piety under Trog
  2469 | D:4      | Reached skill level 5 in Axes
  2523 | D:4      | Found a basalt altar of Yredelemnul.
  2526 | D:4      | Found a glowing golden altar of the Shining One.
  2528 | D:4      | Found a radiant altar of Vehumet.
  2812 | D:4      | Reached XP level 6. HP: 48/55 MP: 5/5
  3495 | D:4      | Noticed Blork the orc
  3504 | D:4      | Killed Blork the orc
  3504 | D:4      | Reached XP level 7. HP: 58/61 MP: 6/6
  3562 | D:4      | Noticed Robin
  3574 | D:4      | Killed Robin
  3574 | D:4      | Reached skill level 6 in Axes
  3805 | D:5      | Entered Level 5 of the Dungeon
  4368 | D:5      | Reached skill level 6 in Fighting
  4561 | D:6      | Reached skill level 6 in Armour
  4561 | D:6      | Reached **** piety under Trog
  4562 | D:6      | Reached XP level 8. HP: 71/71 MP: 7/7
  4581 | D:6      | Reached skill level 7 in Axes
  4627 | D:6      | Found a staircase to the Ecumenical Temple.
  4793 | D:6      | Reached skill level 6 in Dodging
  4941 | D:6      | Found a blossoming altar of Fedhas.
  5261 | D:6      | Noticed Edmund
  5270 | D:6      | Killed Edmund
  5338 | D:6      | Reached XP level 9. HP: 81/81 MP: 8/8
  5342 | D:6      | Reached skill level 8 in Axes
  5645 | D:7      | Found Niteocen's Assorted Antiques.
  5663 | D:7      | Bought a scroll of teleportation for 84 gold pieces
  5663 | D:7      | Bought a scroll labeled EZOBBULIDD for 28 gold pieces
  5663 | D:7      | Bought 2 fuming amethyst potions for 50 gold pieces
  5663 | D:7      | Bought a scroll labeled YTHAUS VIEBLO for 28 gold pieces
  5932 | D:8      | Noticed NoNouf's ghost (novice GrFi)
  5947 | D:8      | Killed NoNouf's ghost
  6152 | D:8      | Reached ***** piety under Trog
  6152 | D:8      | Reached skill level 9 in Axes
  6435 | D:8      | Reached skill level 9 in Fighting
  6900 | D:8      | Found an iron altar of Okawaru.
  6924 | D:9      | Reached skill level 9 in Armour
  6999 | D:9      | Noticed a komodo dragon
  7003 | D:9      | Found a staircase to the Lair.
  7022 | D:9      | Reached XP level 10. HP: 87/91 MP: 9/9
  7358 | D:9      | Reached skill level 9 in Dodging
  7372 | D:9      | Reached skill level 10 in Axes
  7590 | D:9      | Received a gift from Trog
  7773 | D:9      | Found Tias's Book Shop.
  7821 | D:9      | Found a staircase to the Orcish Mines.
  8239 | D:10     | Entered Level 10 of the Dungeon
  8239 | D:10     | Noticed a cyan ugly thing
  8243 | D:10     | Killed a cyan ugly thing
  8243 | D:10     | Reached XP level 11. HP: 101/101 MP: 10/10
  8402 | D:10     | Found a burning altar of Makhleb.
  8418 | D:10     | Noticed Psyche
  8423 | D:10     | Killed Psyche
  8678 | D:10     | Received a gift from Trog
  8678 | D:10     | Reached skill level 11 in Axes
  8949 | Lair:1   | Entered Level 1 of the Lair of Beasts
  8954 | Lair:1   | Found a frozen archway.
  8983 | IceCv    | Entered an ice cave
  9184 | Lair:1   | Noticed a six-headed hydra
  9195 | Lair:1   | Killed an eight-headed hydra
 10215 | Lair:2   | Noticed Nergalle
 10221 | Lair:2   | Killed Nergalle
 10357 | Lair:2   | Reached skill level 12 in Fighting
 10496 | Lair:2   | Found a hole to the Spider Nest.
 10810 | Lair:2   | Found a staircase to the Swamp.
 11362 | Lair:3   | Reached skill level 12 in Axes
 11362 | Lair:3   | Reached XP level 12. HP: 112/112 MP: 11/11
 11364 | Lair:3   | Received a gift from Trog
 12302 | Lair:4   | Noticed a fire dragon
 12312 | Lair:4   | Killed a fire dragon
 12312 | Lair:4   | Reached skill level 12 in Armour
 12971 | Lair:5   | Noticed Urug
 12987 | Lair:5   | Killed Urug
 13035 | Lair:5   | Found a viscous altar of Jiyva.
 13038 | Lair:5   | Noticed a six-headed hydra
 13057 | Lair:5   | Killed a 13-headed hydra
 13057 | Lair:5   | Reached skill level 12 in Dodging
 13078 | Lair:5   | Found a staircase to the Slime Pits.
 13273 | Lair:5   | Noticed an eight-headed hydra
 13282 | Lair:5   | Killed a nine-headed hydra
 13439 | Lair:5   | Reached skill level 13 in Axes
 13539 | Lair:6   | Entered Level 6 of the Lair of Beasts
 13577 | Lair:6   | Received a gift from Trog
 13680 | Lair:6   | Reached XP level 13. HP: 122/122 MP: 12/12
 13978 | Lair:6   | Noticed salade2fruit's ghost (journeyman OpEE)
 13987 | Lair:6   | Killed salade2fruit's ghost
 13993 | Lair:6   | Noticed an entropy weaver
 14026 | Lair:5   | HP: 5/123 [entropy weaver (2)]
 14036 | Lair:5   | Killed an entropy weaver
 14334 | Lair:6   | Noticed an entropy weaver
 14342 | Lair:6   | Killed an entropy weaver
 14497 | Lair:6   | Reached skill level 14 in Axes
 14852 | Lair:6   | Received a gift from Trog
 15128 | Lair:6   | Noticed a fire dragon
 15139 | Lair:6   | Killed a fire dragon
 15255 | Lair:6   | Paralysed by a hornet for 1 turns
 15284 | Lair:6   | Reached XP level 14. HP: 80/133 MP: 13/13
 15380 | Lair:6   | Found a runed door.
 16573 | D:11     | Reached skill level 15 in Fighting
 16794 | D:11     | Received a gift from Trog
 17390 | D:12     | Reached skill level 15 in Axes
 17478 | D:12     | Found a roughly hewn altar of Beogh.
 17650 | D:12     | Reached skill level 15 in Armour
 18109 | D:13     | Received a gift from Trog
 18458 | D:13     | Received a gift from Trog
 18486 | D:13     | Noticed Nessos
 18496 | D:13     | Noticed Rupert
 18509 | D:13     | Killed Rupert
 18593 | D:13     | Killed Nessos
 18593 | D:13     | Reached XP level 15. HP: 40/143 MP: 14/14
 18806 | D:13     | Found a gate to the Vaults.
 19447 | D:14     | Reached skill level 16 in Axes
 20160 | D:14     | Reached skill level 17 in Axes
 20519 | D:15     | Entered Level 15 of the Dungeon
 20555 | D:15     | Noticed Agnes
 20707 | D:15     | Killed Agnes
 20707 | D:15     | Received a gift from Trog
 20914 | D:15     | Found an ancient bone altar of Kikubaaqudgha.
 21221 | D:15     | Found Cioruyqa's Quality Used Wands.
 21257 | D:15     | Reached skill level 18 in Axes
 21359 | D:15     | Found a staircase to the Depths.
 21716 | Orc:1    | Entered Level 1 of the Orcish Mines
 21796 | Orc:2    | Entered Level 2 of the Orcish Mines
 21796 | Orc:2    | Found a staircase to the Elven Halls.
 21804 | Orc:2    | Reached ****** piety under Trog
 21827 | Orc:2    | Noticed an orc warlord
 21865 | Orc:2    | Killed an orc warlord
 21865 | Orc:2    | Reached skill level 19 in Axes
 21870 | Orc:2    | Received a gift from Trog
 21954 | Orc:2    | Found a roughly hewn altar of Beogh.
 22068 | Orc:2    | Found Matyp's Antique Armour Shoppe.
 22203 | Orc:2    | Noticed Erolcha
 22208 | Orc:2    | Killed Erolcha
 22464 | Orc:2    | Reached XP level 16. HP: 142/151 MP: 5/15
 22582 | Orc:2    | Found Nilacrui's Antique Weapon Shoppe.
 22598 | Orc:2    | Found Hutait's Jewellery Shoppe.
 22605 | Orc:2    | Bought the amulet of Vitality {Regen+ HP+15} for 948 gold pieces
 22617 | Orc:2    | Found Lyna's General Store.
 22646 | Orc:2    | Found a deep blue altar of Sif Muna.
 22794 | Swamp:1  | Entered Level 1 of the Swamp
 22969 | Swamp:1  | Noticed Louise
 22989 | Swamp:1  | Killed Louise
 23059 | Swamp:1  | Reached skill level 20 in Axes
 24484 | Swamp:3  | Identified a scroll of acquirement
 24572 | Swamp:3  | Reached skill level 21 in Axes
 24666 | Swamp:3  | Noticed a thorn hunter
 24683 | Swamp:3  | Killed a thorn hunter
 25115 | Swamp:4  | Entered Level 4 of the Swamp
 25347 | Swamp:4  | Received a gift from Trog
 25817 | Swamp:4  | Reached skill level 22 in Axes
 26240 | Swamp:4  | Noticed a bone dragon
 26251 | Swamp:4  | Killed a bone dragon
 26310 | Swamp:4  | Got a decaying rune of Zot
 26485 | Spider:1 | Entered Level 1 of the Spider Nest
 26574 | Spider:1 | Reached XP level 17. HP: 158/158 MP: 16/16
 26658 | Spider:1 | Received a gift from Trog
 27322 | Spider:2 | Noticed Arachne
 27334 | Spider:2 | Killed Arachne
 27334 | Spider:2 | Reached skill level 23 in Axes
 27353 | Spider:2 | Blown up by an orb spider

Skill      XL: |  1  2  3  4  5  6  7  8  9 10 11 12 13 14 15 16 17 |
---------------+----------------------------------------------------+-----
Armour         | 3 4 5 6 7 9 10 11 13 14 15 | 15.5
Axes           | 4 5 6 7 9 10 12 13 14 15 19 22 23 | 23.1
Fighting       | 4 5 6 7 9 10 12 13 14 15 | 15.8
Dodging        | 3 4 5 6 8 9 11 12 13 14 | 14.7
Evocations     | |  0.3

Action                   |  1- 3 |  4- 6 |  7- 9 | 10-12 | 13-15 | 16-18 || total
-------------------------+-------+-------+-------+-------+-------+-------++-------
Melee: Hand axe          |    69 |   193 |    82 |       |       |       ||   344
       Headbutt          |     9 |    41 |    41 |   125 |   305 |   148 ||   669
       Battleaxe         |       |       |   142 |   552 |   690 |   596 ||  1980
       Broad axe         |       |       |       |       |   364 |       ||   364
       Executioner's axe |       |       |       |       |   187 |    57 ||   244
Invok: Berserk           |     2 |     3 |     9 |    15 |    19 |     7 ||    55
       Trog's Hand       |       |       |     2 |    10 |    14 |     6 ||    32
       Brothers in Arms  |       |       |       |     3 |     3 |     1 ||     7
       Burn Spellbooks   |       |       |       |       |     2 |     2 ||     4
Evoke: Wand              |       |       |       |       |     8 |       ||     8
       Lamp of fire      |       |       |       |       |     1 |       ||     1
  Use: Scroll            |       |       |    15 |    16 |     8 |     4 ||    43
       Potion            |       |       |       |       |     2 |     1 ||     3
  Eat: Chunk             |     3 |    10 |    21 |    32 |    53 |    10 ||   129
       Meat ration       |       |       |       |     2 |     2 |     3 ||     7
Armor: Animal skin       |     5 |       |       |       |       |       ||     5
       Ring mail         |     7 |    81 |    59 |   122 |       |       ||   269
       Plate armour      |       |       |       |   186 |       |       ||   186
       Crystal plate arm |       |       |       |   181 |  1084 |    80 ||  1345
       Swamp dragon scal |       |       |       |       |       |   276 ||   276
Dodge: Dodged            |    41 |   128 |   170 |   603 |   783 |   661 ||  2386
